[Event "*** SCC Grand Prix: Titled Tuesday Blitz"]
[Site "Chess.com"]
[Date "2020.08.04"]
[Round "5"]
[White "allvim"]
[Black "ZEN-22"]
[Result "1-0"]
[WhiteElo "2379"]
[BlackElo "2497"]
[TimeControl "180+1"]
[EndTime "14:40:36 PDT"]
[Termination "allvim won by resignation"]

1. e4 e5 2. Nf3 Nc6 3. Bc4 f5 4.
d3 Nf6 5. Ng5 d5 6. exd5 Na5 7.
O-O h6 8. Ne6 Bxe6 9. dxe6 Nxc4 10. dxc4 Qc8 11. Nc3 Qxe6 12. Nd5 O-O-O 13. Re1 Nxd5 14. cxd5 Rxd5 15. Qe2 Bc5 16. Be3 Bxe3 17.
Qxe3 b6 18. c4 Rc5 19. b3 Rd8 20. Rad1 Rd2 21. Rxd2 e4 22. Red1 f4 23. Qxf4 Rf5 24.
Qe3 Kb7 25. Rd4 Re5 26. Re1 Qg6 27. Rxe4 Rg5 28. g3 h5 29. Re6 Qf7 30. Qe4+ Ka6 31. b4 Rf5 32. b5+ Ka5 33. Qe3 Rf3 34. Qd2+ Ka4 35.
R6e3 Rxe3 36. Rxe3 Qxc4 37. Qb2 Qc5 38. Qb3+ Ka5 39. Qc3+ Kxb5 40. Re5 Qxe5 41. Qxe5+ c5 42. Qxg7 a5 43. Qg5 Ka4 44. Qxh5 c4 45. Qd5 b5 46. h4 Kb4 47. h5 a4 48. h6 c3 49. h7 c2 50.
Qd2+ Ka3 51. Qxc2 b4 52. h8=Q b3 53. Qhb2+ Kb4 54. Qcxb3+ axb3 55. Qxb3+ Kc5 56. Qd3 Kb4 57. Qc2 1-0

[Event "*** SCC Grand Prix: Titled Tuesday Blitz"]
[Site "Chess.com"]
[Date "2020.08.04"]
[Round "5"]
[White "Steven_Rojas"]
[Black "davigator"]
[Result "1-0"]
[WhiteElo "2448"]
[BlackElo "2285"]
[TimeControl "180+1"]
[EndTime "14:40:36 PDT"]
[Termination "Steven_Rojas won by resignation"]

1. c4 e5 2. Nc3 Bb4 3. Nd5 Bc5 4. Nf3 d6 5. e3 c6 6. Nc3 Bb4 7. Qc2 Nf6 8. d4 Qe7 9. Be2 O-O 10. O-O Bg4 11.
a3 Ba5 12. b4 Bc7 13. dxe5 dxe5 14. e4 h6 15. Be3 Nbd7 16. Rad1 Rfe8 17. Rd2 Rad8 18. Rfd1 Bxf3 19. Bxf3 b6 20. Qa4 a5 21. Qxc6 Nb8 22. Qb5 axb4 23. axb4 Rc8 24. Nd5 Nxd5 25.
Rxd5 Qe6 26. h3 Rcd8 27. Bg4 Qe7 28. Bxb6 Rxd5 29. Rxd5 Bxb6 30. Qxb6 g6 31. c5 h5 32. Bf3 Kf8 33. c6 Rc8 34. b5 Qa3 35. Qc5+ Qxc5 36. Rxc5 Ke7 37. Rxe5+ Kd6 38. Rd5+ Kc7 39. e5 Re8 40. g4 hxg4 41. Bxg4 Kb6 42. Bd7 Re7 43. f4 Kc7 44. Kf2 Kb6 45. Kg3 Kc7 46. Kh4 Kb6 47. Kg5 Kc7 48. Kf6 Rxd7 49. cxd7 Nxd7+ 50. Rxd7+ Kxd7 51. Kxf7 g5 52. fxg5 1-0

[Event "*** SCC Grand Prix: Titled Tuesday Blitz"]
[Site "Chess.com"]
[Date "2020.08.04"]
[Round "5"]
[White "RaphCamora"]
[Black "GoltsevDmitry2000"]
[Result "1-0"]
[WhiteElo "2441"]
[BlackElo "2614"]
[TimeControl "180+1"]
[EndTime "14:40:37 PDT"]
[Termination "RaphCamora won by checkmate"]

1. Nf3 d5 2. g3 c6 3. Bg2 Bg4 4. h3 Bh5 5. O-O Nd7 6. d4 Ngf6 7. c4 e6 8. cxd5 exd5 9. Qb3 Qb6 10. Qe3+ Be7 11. Nh4 Bg6 12. Nc3 Nf8 13. f4 h6 14.
f5 Bh7 15. b3 Kd7 16. Na4 Qc7 17. Nc5+ Bxc5 18. dxc5 Re8 19. Qd4 Rxe2 20. Bf4 Qa5 21. b4 Qa3 22. Rfe1 Qb2 23. Qxb2 Rxb2 24. a3 Kd8 25.
Bd6 N8d7 26. Re7 Rf8 27. Rae1 Bg8 28. g4 Re8 29. Rxe8+ Nxe8 30. Be7+ Kc8 31. Bf8 Ndf6 32. Nf3 Rb3 33. h4 Rxa3 34. g5 hxg5 35. hxg5 Ne4 36.
Nd2 Nc7 37. Bxe4 dxe4 38. Nxe4 Rd3 39. Nd6+ Kd8 40. Bxg7 Rd5 41. Bf6+ Kd7 42. Re7+ Kd8 43. Rxf7# 1-0

[Event "*** SCC Grand Prix: Titled Tuesday Blitz"]
[Site "Chess.com"]
[Date "2020.08.04"]
[Round "5"]
[White "frederiksvane"]
[Black "TigrVShlyape"]
[Result "0-1"]
[WhiteElo "2572"]
[BlackElo "2852"]
[TimeControl "180+1"]
[EndTime "14:40:38 PDT"]
[Termination "TigrVShlyape won by resignation"]

1. e4 e5 2. Nf3 Nc6 3. Bb5 Nf6 4. O-O Nxe4 5. Re1 Nd6 6. Nxe5 Be7 7. Bf1 Nxe5 8. Rxe5 O-O 9. d4 Bf6 10. Re1 Ne8 11.
d5 d6 12. c4 Bg5 13. Nd2 Nf6 14. Bd3 Bg4 15. Qc2 Re8 16. Rxe8+ Qxe8 17. Ne4 Nxe4 18.
Bxe4 Bxc1 19. Rxc1 g6 20. h3 Bd7 21. Re1 Qe5 22. Re3 Qd4 23. Qc3 Qxc3 24. Rxc3 Re8 25.
Re3 f5 26. Bd3 Rxe3 27. fxe3 Kg7 28. Kf2 Kf6 29. Kf3 Ke5 30. h4 h6 31. g3 g5 32.
hxg5 hxg5 33. b3 a5 34. a4 b6 35. Kf2 Be8 36. Bc2 Bh5 37. Ke1 Bf3 38. Kf2 Be4 39. Bd1 Bd3 40. Ke1 Ke4 41. Kd2 Bf1 42. Bc2+ Kf3 43.
Bxf5 Kxg3 44. Kc3 Kf3 45. Kd4 g4 46. Bxg4+ Kxg4 47. e4 Kf4 0-1

[Event "*** SCC Grand Prix: Titled Tuesday Blitz"]
[Site "Chess.com"]
[Date "2020.08.04"]
[Round "5"]
[White "Koalaskakistis"]
[Black "DishonorOnYourCow"]
[Result "1-0"]
[WhiteElo "2502"]
[BlackElo "2274"]
[TimeControl "180+1"]
[EndTime "14:40:38 PDT"]
[Termination "Koalaskakistis won on time"]

1. d4 Nf6 2. c4 g6 3. Nc3 d5 4. cxd5 Nxd5 5. e4 Nxc3 6. bxc3 Bg7 7. Bc4 O-O 8. Ne2 c5 9. O-O Nc6 10. Be3 Qc7 11. Rc1 Rd8 12. Qb3 e6 13. Qa3 Qa5 14.
Qxa5 Nxa5 15. Bd3 b6 16. d5 exd5 17. exd5 c4 18. Be4 Bb7 19. Rfd1 Rd7 20. Rd2 Rad8 21. Rcd1 h6 22. h4 Bf8 23. h5 f5 24. Bc2 Rxd5 25.
hxg6 Rxd2 26. Rxd2 Rxd2 27. Bxd2 Bc8 28. Nd4 Bg7 29.
Nxf5 Bxf5 30. Bxf5 Nb7 31. Be6+ Kh8 32. Bxc4 Nc5 33.
Bd5 b5 34. f4 Na4 35. c4 bxc4 36. Bxc4 Nb6 37. Be6 Bf6 38. f5 Kg7 39. Kf2 h5 40.
Ke3 Bg5+ 41. Kd3 Bf6 42. Kc2 Na8 43. Bf4 Nb6 44. Kb3 a6 45. a4 Bd4 46. a5 Na8 47. Bd5 Kf6 48. Bxa8 Kxf5 49. Be3 1-0

[Event "*** SCC Grand Prix: Titled Tuesday Blitz"]
[Site "Chess.com"]
[Date "2020.08.04"]
[Round "5"]
[White "anpospan"]
[Black "Klavdia_Nik"]
[Result "1-0"]
[WhiteElo "2321"]
[BlackElo "2015"]
[TimeControl "180+1"]
[EndTime "14:40:38 PDT"]
[Termination "anpospan won on time"]

1. d4 Nf6 2. c4 c5 3. e3 b6 4. Nf3 Bb7 5. Nc3 g6 6. d5 d6 7. e4 Bg7 8. Bd3 O-O 9. O-O Nbd7 10. h3 a6 11. a4 h6 12. Bf4 Ne8 13. Qd2 Kh7 14. Rfe1 Ne5 15. Nxe5 dxe5 16. Be3 Nd6 17. a5 b5 18. Bxc5 bxc4 19. Bxd6 exd6 20. Bxc4 Bf6 21. Qd3 Bg5 22. b4 h5 23. Na4 Qc7 24. Nb6 Ra7 25. b5 axb5 26. Bxb5 Qc5 27. Re2 Rxa5 28. Rxa5 Qxb6 29.
Rea2 Rc8 30. Bc6 Bxc6 31. dxc6 Qxc6 32. g3 h4 33. Qd5 Qd7 34. Ra7 Rc7 35. Rxc7 Qxc7 36.
gxh4 Bxh4 37. Kg2 Kg7 38. Ra3 Qe7 39. Rd3 Qg5+ 40. Kf1 Qc1+ 41. Rd1 Qf4 42. Qd2 Qxe4 43. Qxd6 1-0

[Event "*** SCC Grand Prix: Titled Tuesday Blitz"]
[Site "Chess.com"]
[Date "2020.08.04"]
[Round "5"]
[White "IMHansNiemann"]
[Black "Evgeny81"]
[Result "1-0"]
[WhiteElo "2902"]
[BlackElo "2757"]
[TimeControl "180+1"]
[EndTime "14:40:40 PDT"]
[Termination "IMHansNiemann won by resignation"]

1. d4 Nf6 2. Nc3 d5 3. Bf4 c6 4. e3 Bg4 5. f3 Bh5 6. g4 Bg6 7.
h4 h5 8. g5 Nfd7 9. Bd3 Bxd3 10. Qxd3 g6 11. e4 e6 12. Nge2 Na6 13. a3 Nb6 14. exd5 cxd5 15. Nb5 Nc4 16. b3 Nd6 17.
Be5 Rg8 18. Nxd6+ Bxd6 19. Qb5+ Qd7 20. Qxd7+ Kxd7 21. Bxd6 Kxd6 22. c4 dxc4 23. bxc4 Rac8 24. Rc1 Nb8 25. Kd2 Nc6 26. Kd3 Rgd8 27. Rb1 b6 28. f4 Ne7 29. Ng3 Kc7 30. Rhc1 Nc6 31. Ne2 Rd7 32. Ke4 Ne7 33. Ng3 Rcd8 34. Rd1 Nf5 35. Nxf5 exf5+ 36. Ke5 Rd6 37. d5 Re8+ 38. Kd4 Re4+ 39. Kd3 Rxf4 40. Rh1 Rd8 41. Rbe1 Kd6 42. Ref1 Rxf1 43. Rxf1 Re8 44. a4 Re4 45. a5 Rxh4 46.
axb6 axb6 47. Rb1 Kc7 48. Ra1 Kb7 49. Rb1 Kc7 50. Ra1 Rg4 51. Ra7+ Kd8 52. Rxf7 Rxg5 53.
Kd4 h4 54. Ke5 h3 55. Ke6 h2 56. d6 Kc8 57. d7+ Kc7 58. Rf8 h1=Q 59. d8=Q+ Kb7 60. Qa8+ 1-0

[Event "*** SCC Grand Prix: Titled Tuesday Blitz"]
[Site "Chess.com"]
[Date "2020.08.04"]
[Round "5"]
[White "Martins-BR"]
[Black "GianmarcoVaR"]
[Result "1/2-1/2"]
[WhiteElo "2227"]
[BlackElo "2462"]
[TimeControl "180+1"]
[EndTime "14:40:41 PDT"]
[Termination "Game drawn by repetition"]

1. e4 c6 2. d4 d5 3. Nc3 dxe4 4. Nxe4 Bf5 5. Ng3 Bg6 6. Bc4 e6 7. N1e2 Bd6 8. h4 h6 9. Nf4 Bxf4 10. Bxf4 Nf6 11.
h5 Bh7 12. Qd2 Nbd7 13. O-O-O a5 14. Bd3 Nd5 15. Bxh7 Rxh7 16. Ne4 Qb6 17. Nd6+ Kf8 18. Nc4 Qd8 19. g4 Nxf4 20. Qxf4 Qg5 21. Qxg5 hxg5 22. f3 Ke7 23. Rhe1 Rhh8 24. d5 cxd5 25. Rxd5 Rhc8 26. Nxa5 Rc5 27. Rxc5 Nxc5 28. b4 Na4 29. Re5 b6 30. Nb3 Kf6 31. Re3 Rc8 32. Kd2 Nb2 33. Rc3 Rd8+ 34. Ke2 b5 35. Rc5 Na4 36. Rc7 Rd5 37. c3 Ke5 38. Nd4 Nxc3+ 39. Rxc3 Rxd4 40. a3 Kd6 41.
Rc5 Rd5 42. Rc8 Ke7 43. Rg8 Kf6 44. Rb8 Ke5 45. Ke3 Kf6 46. Rb7 Re5+ 47. Kf2 Rd5 48. Ke3 Re5+ 49. Kf2 Rd5 50. Ke3 1/2-1/2

[Event "*** SCC Grand Prix: Titled Tuesday Blitz"]
[Site "Chess.com"]
[Date "2020.08.04"]
[Round "5"]
[White "ChadBiryani"]
[Black "chessvr"]
[Result "1-0"]
[WhiteElo "2342"]
[BlackElo "2104"]
[TimeControl "180+1"]
[EndTime "14:40:41 PDT"]
[Termination "ChadBiryani won on time"]

1. c4 e5 2. g3 Nc6 3. Bg2 g6 4. Nc3 Bg7 5. Nf3 d6 6. O-O Nge7 7. h3 O-O 8. e3 f5 9. d4 e4 10. Nd2 Qe8 11. b3 g5 12. Bb2 Qg6 13. Kh2 Nb4 14.
Ba3 Nd3 15. Nb5 c5 16. dxc5 dxc5 17. Rb1 a6 18. Nc7 Rb8 19. Nd5 Nc6 20. f4 g4 21.
h4 b5 22. Qe2 b4 23. Bc1 Qh5 24.
Rd1 Be6 25. Nf1 Bxd5 26. cxd5 Ne7 27. Rxd3 exd3 28. Qxd3 Rbd8 29. Qxa6 Nxd5 30. Qc4 Qf7 31. Qxc5 Nc3 32. Rb2 Ne4 33. Qxb4 Bxb2 34. Bxb2 Rd1 35. Bxe4 fxe4 36. Qc3 Qg6 37. Qc4+ Qf7 38. Qc3 Qg6 39.
Kg2 h5 40. Qc4+ Kh7 41. Bd4 Qf7 42. Qc5 Qf5 43. Qc7+ Rf7 44. Qd8 1-0

[Event "*** SCC Grand Prix: Titled Tuesday Blitz"]
[Site "Chess.com"]
[Date "2020.08.04"]
[Round "5"]
[White "ferdipy"]
[Black "effefe"]
[Result "1-0"]
[WhiteElo "2323"]
[BlackElo "2098"]
[TimeControl "180+1"]
[EndTime "14:40:41 PDT"]
[Termination "ferdipy won on time"]

1. e4 c5 2. d4 cxd4 3. c3 d3 4. c4 d6 5. Bxd3 Nf6 6. Nf3 g6 7. O-O Bg7 8. h3 O-O 9. Nc3 Nc6 10. Be3 Be6 11. Qe2 Rc8 12. Rac1 a6 13. a3 Na5 14. Nd2 Nd7 15. b4 Nxc4 16. Nxc4 Bxc4 17. Bxc4 b5 18.
Nxb5 axb5 19. Bxb5 Ra8 20. a4 Nf6 21. f3 Nh5 22.
Qf2 Rc8 23. Rxc8 Qxc8 24. Rc1 Qb7 25. Bb6 Rc8 26. Rxc8+ Qxc8 27. a5 Qc1+ 28. Qf1 Qa3 29.
Qc4 Bc3 30. Be8 Qc1+ 31. Qf1 Qa3 32. b5 Ng3 33. Qb1 Ne2+ 34. Kh1 Ng3+ 35. Kg1 Ne2+ 36.
Kf2 Nf4 37. a6 1-0

[Event "*** SCC Grand Prix: Titled Tuesday Blitz"]
[Site "Chess.com"]
[Date "2020.08.04"]
[Round "5"]
[White "ajdemipopushi"]
[Black "StockholmMissile"]
[Result "0-1"]
[WhiteElo "2259"]
[BlackElo "2461"]
[TimeControl "180+1"]
[EndTime "14:40:44 PDT"]
[Termination "StockholmMissile won on time"]

1. Nf3 d5 2. g3 Nf6 3. c4 c6 4.
Bg2 Bg4 5. Ne5 Bf5 6. cxd5 cxd5 7. Qa4+ Nbd7 8. Nc3 e6 9. g4 Bg6 10. h4 h5 11. Nxg6 fxg6 12. g5 Ng8 13. Bh3 Qb6 14. Nxd5 Qd6 15. Bxe6 Rd8 16. Nf4 b5 17. Qe4 Ne7 18.
Bxd7+ Rxd7 19. d3 Kf7 20. Rh3 Kg8 21. Rf3 Kh7 22. Bd2 Nc6 23. e3 Ne5 24. d4 Nxf3+ 25.
Qxf3 Be7 26. a3 Qb6 27. Bc3 Rf8 28. Qe4 b4 29. axb4 Bxb4 30. Kf1 Re7 31. Qf3 Bd6 32. Qg3 Bxf4 33. exf4 Qd6 34. Bd2 Qxd4 35. Be3 Qc4+ 36. Kg1 Qe4 37. Ra5 Rf5 38. Kh2 Rxa5 0-1

[Event "*** SCC Grand Prix: Titled Tuesday Blitz"]
[Site "Chess.com"]
[Date "2020.08.04"]
[Round "5"]
[White "ace_mar"]
[Black "Flopezin"]
[Result "0-1"]
[WhiteElo "2463"]
[BlackElo "2331"]
[TimeControl "180+1"]
[EndTime "14:40:46 PDT"]
[Termination "Flopezin won by resignation"]

1. d4 Nf6 2. c4 e6 3. g3 c5 4. d5 d6 5. Nc3 exd5 6. cxd5 g6 7. Bg2 Bg7 8. Nf3 O-O 9. O-O Re8 10. Bf4 Qd7 11.
Nd2 b5 12. e4 b4 13. Ne2 Ba6 14. Re1 Ng4 15. Qc2 Ne5 16. Bxe5 Bxe5 17. f4 Bg7 18. a3 Qb5 19. axb4 Qxb4 20. Nc3 Qb7 21. e5 Nd7 22. Nde4 Nxe5 23. Nxd6 Qb6 24. fxe5 Rxe5 25. Rxe5 Bxe5 26. Nde4 Bb7 27. Na4 Qb4 28. Naxc5 Rc8 29.
Ra4 Qb5 30. Bf1 Qb6 31. Kg2 Bxd5 32. b4 f5 33. Bc4 Qc6 34. Ra6 Qa8 35. Bxd5+ Qxd5 36. Rxa7 fxe4 37. Qxe4 Rxc5 38. Qxd5+ Rxd5 39. Rb7 Rd3 40. h4 Rb3 41. Kf2 Bxg3+ 42. Ke2 Bxh4 43. Kd2 h6 44. Kc2 Re3 45. b5 Bd8 46. Rb8 Re8 47. Rb6 Kf7 0-1

[Event "*** SCC Grand Prix: Titled Tuesday Blitz"]
[Site "Chess.com"]
[Date "2020.08.04"]
[Round "5"]
[White "Sn00pPawn"]
[Black "louis198"]
[Result "1-0"]
[WhiteElo "1992"]
[BlackElo "2504"]
[TimeControl "180+1"]
[EndTime "14:40:47 PDT"]
[Termination "Sn00pPawn won on time"]

1. e4 e6 2. d4 d5 3. Nc3 dxe4 4. Nxe4 Bd7 5. Nf3 Bc6 6. Bd3 Nd7 7. O-O Ngf6 8. Re1 Be7 9. h3 Nxe4 10. Bxe4 Bxe4 11. Rxe4 c5 12. Bd2 Nf6 13. Rf4 O-O 14. c3 h6 15. Qe2 g5 16. Rxf6 Bxf6 17. dxc5 Qd5 18. Be3 Rfd8 19. Nd2 a5 20. Qh5 Bg7 21. h4 a4 22. a3 f6 23. hxg5 hxg5 24. Qf3 Qxf3 25.
Nxf3 e5 26. Nd2 Bf8 27. Nc4 Ra6 28. g4 Rc8 29. Nb6 Rc7 30. Rd1 Bxc5 31. Rd8+ Kg7 32.
Nd5 Rcc6 33. Rd7+ Kg6 34. Rxb7 Bxe3 35. Nxe3 Rcb6 36. Rc7 Rxb2 37. Nf5 Rb1+ 38. Kg2 Ra7 39. Rxa7 1-0

[Event "*** SCC Grand Prix: Titled Tuesday Blitz"]
[Site "Chess.com"]
[Date "2020.08.04"]
[Round "5"]
[White "vladislavkovalev"]
[Black "BilodeauA"]
[Result "0-1"]
[WhiteElo "2885"]
[BlackElo "2881"]
[TimeControl "180+1"]
[EndTime "14:40:50 PDT"]
[Termination "BilodeauA won by resignation"]

1. e4 e5 2. Nf3 Nc6 3. Bb5 a6 4. Ba4 d6 5. O-O Bd7 6. d4 Nge7 7. d5 Nb8 8. c4 Ng6 9. Nc3 Be7 10. Be3 O-O 11.
Bxd7 Qxd7 12. b4 f5 13. exf5 Qxf5 14. Nd2 Nh4 15. g3 Qg6 16. Nce4 Nd7 17. Qe2 h6 18. f3 Rf7 19. Kh1 Nf5 20. Bg1 Raf8 21. Qd3 Bg5 22. Nb3 Nf6 23. Rad1 h5 24. Nxf6+ Rxf6 25. Na5 Qf7 26.
Nxb7 h4 27. g4 Ne7 28. c5 Ng6 29. a4 h3 30. Qe4 Nh4 31. b5 axb5 32. axb5 Rf4 33.
Qe2 e4 34. b6 exf3 35. Qe6 cxb6 36. c6 f2 37. c7 fxg1=Q+ 38. Kxg1 Qxe6 39. dxe6 Nf3+ 40. Rxf3 Rxf3 41. Nxd6 Be3+ 42. Kh1 Rf1+ 0-1

[Event "*** SCC Grand Prix: Titled Tuesday Blitz"]
[Site "Chess.com"]
[Date "2020.08.04"]
[Round "5"]
[White "Belka1989"]
[Black "g2_g3"]
[Result "1-0"]
[WhiteElo "2292"]
[BlackElo "2023"]
[TimeControl "180+1"]
[EndTime "14:40:50 PDT"]
[Termination "Belka1989 won by checkmate"]

1. d4 Nf6 2. Nf3 g6 3. Bf4 Bg7 4. e3 O-O 5. Be2 d5 6. h3 Ne4 7. Nbd2 c6 8. c3 Nd7 9. O-O f5 10. c4 e6 11. Qb3 g5 12. Nxe4 gxf4 13. Nd6 fxe3 14. fxe3 f4 15. Kh1 fxe3 16. Qxe3 Nf6 17. Nxc8 Qxc8 18. Bd3 dxc4 19. Bxc4 Nd5 20. Qe4 Rf4 21. Qd3 Qd7 22. Ng5 Bxd4 23. Rxf4 Nxf4 24. Qg3 Nd5 25. Nxe6+ Kh8 26. Nxd4 Rg8 27. Qe5+ Rg7 28. Bxd5 cxd5 29. Nf5 Kg8 30. Qxg7+ Qxg7 31. Nxg7 Kxg7 32. Rd1 Kf7 33. Rxd5 Ke6 34. Ra5 b6 35. Rh5 Kd6 36. Rxh7 Kc5 37. Rxa7 b5 38. h4 Kb6 39. h5 Kxa7 40. h6 Kb6 41. h7 Kc5 42. h8=Q Kd5 43. Qh5+ Kd6 44. Qxb5 Ke7 45. Qf1 Ke6 46. g4 Ke5 47. g5 Ke4 48. g6 Ke5 49. g7 Kd5 50.
g8=Q+ Kc6 51. Qc8+ Kd6 52. Qd3+ Ke5 53. Qe8+ Kf4 54. Qf1+ Kg5 55. Qg2+ Kh4 56. Qh8# 1-0

[Event "*** SCC Grand Prix: Titled Tuesday Blitz"]
[Site "Chess.com"]
[Date "2020.08.04"]
[Round "5"]
[White "abykhovsky"]
[Black "Azerichess"]
[Result "1-0"]
[WhiteElo "2774"]
[BlackElo "2991"]
[TimeControl "180+1"]
[EndTime "14:40:51 PDT"]
[Termination "abykhovsky won by resignation"]

1. d4 Nf6 2. Nf3 g6 3. c4 Bg7 4. Nc3 d5 5. Bg5 Ne4 6. cxd5 Nxg5 7. Nxg5 e6 8. Nf3 exd5 9. e3 O-O 10. b4 c6 11. Qb3 Qd6 12. Be2 Be6 13. O-O h6 14.
Rab1 Nd7 15. Rfc1 a6 16. Na4 b5 17. Nc5 Nb6 18. a4 Nc4 19. Ra1 g5 20. Ra2 Bg4 21. Rca1 Rae8 22. Nxa6 f5 23. axb5 cxb5 24. Nc5 f4 25. Ra6 Qd8 26. e4 dxe4 27. Bxc4+ bxc4 28. Qxc4+ Kh7 29. Ne5 Bf5 30. Ra7 Re7 31. h3 e3 32.
fxe3 fxe3 33. g4 Rxa7 34. Rxa7 e2 35. Qxe2 Qxd4+ 36. Kg2 Re8 37. gxf5 Rxe5 38. Qd3 Qxd3 39. Nxd3 Rxf5 40. Nc5 Kg6 41. Rc7 Bd4 42. Ne6 Be3 43. Rc3 Re5 44. Nc5 Bd4 45. Rc4 Be3 46. Kf3 Re4 47.
Nxe4 1-0

[Event "*** SCC Grand Prix: Titled Tuesday Blitz"]
[Site "Chess.com"]
[Date "2020.08.04"]
[Round "5"]
[White "shnitez"]
[Black "xberli"]
[Result "0-1"]
[WhiteElo "2474"]
[BlackElo "2340"]
[TimeControl "180+1"]
[EndTime "14:40:54 PDT"]
[Termination "xberli won by resignation"]

1. d4 Nf6 2. Bf4 g6 3. Nc3 d5 4. e3 Bg7 5. h4 h5 6. Nf3 c6 7. Ne5 Nbd7 8. Qd2 a5 9. Bd3 Nxe5 10. Bxe5 b5 11. a4 b4 12. Ne2 O-O 13. f3 Qb6 14. Nc1 c5 15. dxc5 Qxc5 16. Nb3 Qb6 17. Nd4 Bb7 18. O-O-O Ne4 19. fxe4 Bxe5 20. exd5 Bxd5 21. Bb5 Be4 22. Kb1 Rab8 23. Bd3 Qb7 24. Bxe4 Qxe4 25. Nf3 Bg7 26. Qd3 Qc6 27. Qd5 Qxa4 28. Nd4 Rbc8 29.
Rd2 Rfd8 30. Qb3 Qxb3 31. cxb3 e5 32. Nf3 e4 33. Nd4 Bh6 34. Re2 Bg7 35. Rd1 Be5 36. Red2 f5 37. Ne6 Rxd2 38. Rxd2 Bf6 39. g3 Kf7 40. Nf4 Rc7 41. Rd6 Ra7 42. Rc6 a4 43. Nd5 Be5 44. Rb6 a3 45. Rxb4 a2+ 46. Ka1 Bxb2+ 47.
Kxb2 a1=Q+ 0-1

[Event "*** SCC Grand Prix: Titled Tuesday Blitz"]
[Site "Chess.com"]
[Date "2020.08.04"]
[Round "5"]
[White "BogdanDeac"]
[Black "ketster"]
[Result "1-0"]
[WhiteElo "2772"]
[BlackElo "2390"]
[TimeControl "180+1"]
[EndTime "14:40:55 PDT"]
[Termination "BogdanDeac won on time"]

1. Nf3 Nf6 2. c4 e6 3. g3 d5 4. Bg2 dxc4 5. Qa4+ Nbd7 6. Qxc4 a6 7. a4 b5 8. Qc6 Rb8 9. axb5 axb5 10. Ra7 Bd6 11. O-O O-O 12. d3 Rb6 13. Qc2 Ra6 14. Rxa6 Bxa6 15.
Bg5 h6 16. Bxf6 Nxf6 17. Nbd2 Bb7 18. Qb3 Bc6 19. Rc1 Qa8 20. e4 Nd7 21. Nd4 Nc5 22. Qc2 Bb7 23. Nxb5 Rb8 24. b4 Na6 25. Nxd6 cxd6 26. b5 Nc5 27. Nc4 Rd8 28. h4 Qb8 29.
Nxd6 Qxd6 30. Qxc5 Qxd3 31. Qc7 Rc8 32. Qf4 Rxc1+ 33. Qxc1 Qxb5 34. Qc7 Qc6 35. Qd8+ Kh7 36. Qe7 f6 37. f3 Qc1+ 38. Kh2 Qc6 39. g4 Bc8 40. g5 hxg5 41. hxg5 Qd7 42. gxf6 Qxe7 43. fxe7 Bd7 44. Bh3 Kg6 45. Bxe6 Be8 46. e5 Kg5 47. Kg3 g6 48. f4+ Kh6 49. Kh4 Kh7 50. Kg5 Kg7 51. Bd5 Kh7 52. Kf6 Kh6 53. Bf7 1-0

[Event "*** SCC Grand Prix: Titled Tuesday Blitz"]
[Site "Chess.com"]
[Date "2020.08.04"]
[Round "5"]
[White "DrMamaliga"]
[Black "Dr_crypt"]
[Result "0-1"]
[WhiteElo "2172"]
[BlackElo "2423"]
[TimeControl "180+1"]
[EndTime "14:40:55 PDT"]
[Termination "Dr_crypt won by resignation"]

1. c4 c6 2. Nc3 d5 3. e3 Nf6 4. Nf3 Bf5 5. cxd5 cxd5 6. Qb3 Bc8 7. Bb5+ Nc6 8. Nd4 Qd6 9. O-O e6 10. Nxc6 bxc6 11. Be2 Be7 12. d4 O-O 13. Na4 Rb8 14. Qc3 Ne4 15. Qc2 Bd7 16. Bd3 f5 17. f3 Nf6 18.
Nc5 Rfc8 19. b3 Be8 20. Ba3 Nd7 21.
Rac1 Nxc5 22. Bxc5 Qd7 23. Rfe1 Bf6 24. Qc3 Qc7 25. e4 fxe4 26. fxe4 Bg6 27. e5 Bg5 28. Rcd1 Bxd3 29. Qxd3 Rb7 30. Qh3 Qd7 31. Rf1 Re8 32. Qf3 h6 33. g3 Qf7 34. Qxf7+ Rxf7 35. Rxf7 Kxf7 36. Rf1+ Kg6 37. h4 Be3+ 38. Kg2 a5 39. Re1 Bd2 40. Re2 Bb4 41. Rc2 Ra8 42. Kh3 Ra6 43. a3 Bxc5 44. Rxc5 Kf5 45. b4 axb4 46. axb4 Ke4 47. b5 cxb5 48. Rxb5 Kxd4 49. Rb7 g5 50. Rh7 gxh4 51. Kxh4 Kxe5 52. Rxh6 d4 53. g4 d3 54. Rh7 d2 55. Rd7 Rd6 0-1

[Event "*** SCC Grand Prix: Titled Tuesday Blitz"]
[Site "Chess.com"]
[Date "2020.08.04"]
[Round "5"]
[White "BlackBoarder"]
[Black "Kaua18"]
[Result "1-0"]
[WhiteElo "2550"]
[BlackElo "2282"]
[TimeControl "180+1"]
[EndTime "14:40:59 PDT"]
[Termination "BlackBoarder won by checkmate"]

1. e4 c5 2. Nf3 Nc6 3. Bb5 e6 4. Bxc6 bxc6 5. d3 Ne7 6. O-O Ng6 7. c3 Be7 8. Re1 O-O 9. h3 d6 10. d4 cxd4 11. cxd4 c5 12. dxc5 dxc5 13. Nc3 Rb8 14. Qc2 c4 15. Be3 Qc7 16. Rac1 Bb4 17. Red1 Bxc3 18.
Qxc3 Ba6 19. Qa3 Qb7 20. Rd6 Bb5 21. e5 a6 22. Bc5 Rfc8 23. Rb6 Qd5 24. Rxb8 Rxb8 25. Bd6 Rc8 26. Qc3 Nf4 27. Qe3 Nd3 28. Rc2 h6 29. Qd4 Qb7 30. Qc3 Rd8 31. Nd4 Qe4 32.
Nf3 f6 33. Be7 Re8 34. exf6 Nf4 35. Ba3 Ne2+ 36. Rxe2 Qxe2 37. fxg7 Qd1+ 38. Kh2 Qd5 39. Qf6 Bc6 40. Qf8+ Kh7 41. g8=Q# 1-0

[Event "*** SCC Grand Prix: Titled Tuesday Blitz"]
[Site "Chess.com"]
[Date "2020.08.04"]
[Round "5"]
[White "Koksik_13"]
[Black "kuban1991"]
[Result "0-1"]
[WhiteElo "2611"]
[BlackElo "2765"]
[TimeControl "180+1"]
[EndTime "14:41:01 PDT"]
[Termination "kuban1991 won by resignation"]

1. e4 e6 2. d4 d5 3. Nc3 Bb4 4. exd5 exd5 5. Bd3 Ne7 6. Qf3 Nbc6 7. Ne2 Be6 8. h3 Qd7 9. Bf4 O-O-O 10. O-O-O Bf5 11. g4 Bxd3 12. Qxd3 h5 13. Qf3 hxg4 14. hxg4 Rxh1 15. Rxh1 Bxc3 16. Nxc3 Nxd4 17. Qd3 Nec6 18. Bg3 Qxg4 19.
Rh4 Qg5+ 20. Kb1 Nf5 21. Rf4 Nxg3 22. fxg3 f6 23. a3 d4 24. Ne4 Qd5 25. Nd2 Ne5 26. Qf5+ Qd7 27. Qe4 d3 28. c3 Qc6 29. Qb4 Qh1+ 30.
Ka2 Qh2 31. Nb3 d2 32. Nc5 Qg2 33. Re4 b6 34. Qa4 bxc5 35. Qa6+ Kd7 36. Qa4+ Ke7 37. Qc6 Qxe4 0-1

[Event "*** SCC Grand Prix: Titled Tuesday Blitz"]
[Site "Chess.com"]
[Date "2020.08.04"]
[Round "5"]
[White "KingCrusher275"]
[Black "PawnEatingZombie"]
[Result "0-1"]
[WhiteElo "2401"]
[BlackElo "2249"]
[TimeControl "180+1"]
[EndTime "14:41:01 PDT"]
[Termination "PawnEatingZombie won by checkmate"]

1. e4 c6 2. d4 d5 3. e5 Bf5 4. Nf3 e6 5. Be2 Nd7 6. O-O Bg6 7. Nbd2 Nh6 8. Nb3 Nf5 9. a4 Be7 10. a5 a6 11. g4 Nh6 12. h3 Ng8 13. Nh2 h5 14. f4 hxg4 15. hxg4 Be4 16. Nd2 f5 17. Nxe4 fxe4 18. f5 Qc7 19. fxe6 Nf8 20. g5 Nxe6 21.
Bh5+ Kd7 22. Qg4 Rxh5 23. Qxh5 Nxd4 24. Bf4 Ne6 25. Ng4 Bc5+ 26. Kg2 Ne7 27. Qf7 Rf8 28.
Nf6+ gxf6 29. exf6 Rxf7 30. Bxc7 Ng6 31. Bg3 Nxg5 32.
Rf5 Nf3 33. Rh1 Bd4 34. Rh6 Ne7 35. Rfh5 Rxf6 36. Rxf6 Bxf6 37. Rh7 Bxb2 38. Rh6 Bd4 39. Rh8 Be5 40. Ra8 Bxg3 41. Kxg3 Nd4 42. Kf4 Nxc2 43. Ra7 Kc7 44. Ke5 Nb4 45. Ke6 e3 46. Kxe7 e2 47. Ra8 e1=Q+ 48. Kf7 Qf2+ 49. Ke6 Qe3+ 50. Kf6 d4 51. Rf8 d3 52. Rf7+ Kd6 53.
Rf8 Kc5 54. Kg7 Kb5 55. Rf5+ Nd5 56. Rxd5+ cxd5 57. Kf7 Kxa5 58. Kf6 d2 59. Kf7 d4 60. Kf6 d1=Q 61. Kf7 Qf1+ 62. Kg7 Qg3+ 63. Kh7 Qh1# 0-1

[Event "*** SCC Grand Prix: Titled Tuesday Blitz"]
[Site "Chess.com"]
[Date "2020.08.04"]
[Round "5"]
[White "alexrustemov"]
[Black "onnoelgersma"]
[Result "1/2-1/2"]
[WhiteElo "2722"]
[BlackElo "2461"]
[TimeControl "180+1"]
[EndTime "14:41:02 PDT"]
[Termination "Game drawn by repetition"]

1. d4 d5 2. c4 e6 3. Nc3 Nf6 4. cxd5 exd5 5. Bg5 c6 6. e3 Bd6 7. Bd3 O-O 8. Qc2 h6 9. Bh4 Re8 10. Nge2 a5 11. h3 Na6 12. a3 Nc7 13. Bg3 Ne6 14.
Bxd6 Qxd6 15. O-O Ng5 16. Nf4 Bd7 17. Na4 Nge4 18. Nc5 Rab8 19. b4 g5 20. Ne2 axb4 21. axb4 Nxc5 22. bxc5 Qc7 23. Ra7 Rbd8 24. Ng3 Ra8 25.
Rfa1 Rxa7 26. Rxa7 h5 27. Qb3 Rb8 28. Nf5 Bxf5 29.
Bxf5 h4 30. Qa3 Kg7 31. Ra8 Rxa8 32. Qxa8 b6 33. cxb6 Qxb6 34. Qa1 c5 35. dxc5 Qxc5 36. Qe5 Qc1+ 37. Kh2 Qe1 38. f3 Kf8 39. Bc8 Nh5 40. Qh8+ Ke7 41. Qe5+ Kd8 42. Qxg5+ Kxc8 43. Qg8+ Kc7 44.
Qxf7+ Kc6 45. Qg6+ Kc5 46. Qc2+ Kd6 47. Qg6+ Kc5 48.
Qxh5 Qg3+ 49. Kg1 Qe1+ 50. Kh2 Qg3+ 51. Kg1 Qe1+ 52. Kh2 1/2-1/2